 Dungeon Crawl Stone Soup version 0.19.0-24-gb05acd6 (console) character file.

153 Kloppie the Chopper (level 5, 0/63 HPs)
             Began as a Demonspawn Berserker on Nov 22, 2016.
             Was a Priest of Trog.
             Slain by an orc
             ... wielding a +2 trident of flaming
              (1 damage)
             ... on level 3 of the Dungeon.
             The game lasted 00:02:56 (2320 turns).

Kloppie the Chopper (Demonspawn Berserker)          Turns: 2320, Time: 00:02:57

Health: 0/63       AC: 10    Str: 23    XL:     5   Next: 12%
Magic:  5/5        EV:  8    Int:  8    God:    Trog [***...]
Gold:   82         SH:  3    Dex: 13    Spells: 0 memorised, 4 levels left

rFire  . . .     SeeInvis .     a - +0 hand axe
rCold  . . .     Gourm    .     o - +0 chain mail
rNeg   . . .     Faith    .     j - +0 buckler
rPois  .         Spirit   .     (no helmet)
rElec  .         Reflect  .     (no cloak)
rCorr  .         Harm     .     (no gloves)
MR     .....                    (no boots)
Stlth  ..........               (no amulet)
                                (no ring)
                                (no ring)

@: berserking, very quick
A: hooves 1, molten scales 1, powered by pain 1
a: Berserk, Trog's Hand, Burn Spellbooks, Renounce Religion


You were on level 3 of the Dungeon.
You worshipped Trog.
Trog was most pleased with you.
You were very hungry.

You visited 1 branch of the dungeon, and saw 3 of its levels.

You collected 82 gold pieces.

Inventory:

Hand Weapons
 a - a +0 hand axe (weapon)
Armour
 j - a +0 buckler (worn)
 o - a +0 chain mail (worn)
Scrolls
 b - a scroll of random uselessness {unknown}
 e - a scroll of fog {unknown}
 h - 3 scrolls of identify {unknown}
 i - a scroll of teleportation {unknown}
 s - a scroll of immolation {unknown}
Potions
 d - a potion of might
 f - a potion of magic {unknown}
 k - 2 potions of degeneration {unknown}
 n - a potion of mutation {unknown}
 q - a potion of haste {unknown}
 r - a potion of brilliance {unknown}
Comestibles
 c - 2 bread rations
 g - 2 fruits
 l - 2 beef jerkies
 m - 18 chunks of flesh
 p - 2 meat rations


   Skills:
 + Level 4.0 Fighting
 * Level 4.6 Axes
 - Level 1.7 Armour
 - Level 1.7 Dodging


You had 4 spell levels left.
You didn't know any spells.

Dungeon Overview and Level Annotations

Branches:
Dungeon (3/15)

Altars:
The Shining One


Innate Abilities, Weirdness & Mutations

You have large cloven feet.
You are partially covered in molten scales. (AC +2)
You sometimes gain a little power by taking damage.


Message History

You barely miss the orc. Your kick misses the orc.
The orc hits you but does no damage.
You barely miss the orc. The orc barely misses you.
Your chain mail prevents you from hitting the orc.
The orc hits you with a trident of flaming.
* * * LOW HITPOINT WARNING * * *
The orc burns you.
* * * LOW HITPOINT WARNING * * *
You closely miss the orc. You kick the orc, but do no damage.
The orc hits you with a trident of flaming.
* * * LOW HITPOINT WARNING * * *
The orc burns you.
* * * LOW HITPOINT WARNING * * *
A red film seems to cover your vision as you go berserk!
You feel yourself moving faster!
You feel mighty!
You are feeling very hungry.
The orc hits you with a trident of flaming.
* * * LOW HITPOINT WARNING * * *
The orc burns you.
You die...

....#..............##
....#...##.........##
....#...##..........#
....#...##..........#
#..##...##..........#
##..#...##..........#
##.#...##..........#
#..######........##
##.# ##..[)@.## #.#
####..o# #.###
....... #.(.#
#......... ####(..#
#....[.....# ...(...#
#..........# .......#
#..........# .......#
#..........# .).....#


You could see an orc.

Vanquished Creatures
  4 gnolls (D:3)
  2 adders
  An ooze (D:2)
  3 worms (D:2)
  3 dart slugs
  2 leopard geckos
  7 orcs (D:3)
  6 bats
  4 giant cockroaches
  3 goblins
  7 hobgoblins
  4 jackals (D:3)
  A quokka (D:3)
  A ball python (D:3)
  6 frilled lizards
  11 kobolds
  5 rats
70 creatures vanquished.

Notes
Turn   | Place    | Note
-------+----------+-------------------------------------------
     0 | D:1      | Kloppie the Demonspawn Berserker began the quest for the Orb.
     0 | D:1      | Reached XP level 1. HP: 18/18 MP: 1/1
   399 | D:1      | Gained mutation: You have large cloven feet. [demonic ancestry]
   399 | D:1      | Reached XP level 2. HP: 20/24 MP: 2/2
  1215 | D:2      | Reached XP level 3. HP: 29/29 MP: 3/3
  1541 | D:2      | Reached ** piety under Trog
  1591 | D:2      | Found a glowing golden altar of the Shining One.
  1974 | D:3      | Gained mutation: You sometimes gain a little power by taking damage. [demonic ancestry]
  1974 | D:3      | Reached XP level 4. HP: 34/36 MP: 4/4
  2199 | D:3      | Gained mutation: You are partially covered in molten scales. (AC +2) [demonic ancestry]
  2199 | D:3      | Reached XP level 5. HP: 35/42 MP: 5/5
  2314 | D:3      | Reached *** piety under Trog
  2320 | D:3      | HP: 1/63 [orc/trident of flaming (5)]
  2320 | D:3      | Slain by an orc

Skill      XL: |  1  2  3  4  5 |
---------------+----------------+-----
Axes           | 3 4 |  4.6
Fighting       | 4 |  4.0
Armour         | |  1.7
Dodging        | |  1.7

Action                   |  1- 3 |  4- 6 || total
-------------------------+-------+-------++-------
Melee: Hand axe          |   166 |    87 ||   253
       Kick              |    30 |    25 ||    55
Invok: Berserk           |     3 |     3 ||     6
 Stab: Sleeping          |     1 |       ||     1
  Eat: Chunk             |     6 |     3 ||     9
Armor: Animal skin       |    13 |       ||    13
       Chain mail        |    54 |    47 ||   101
Dodge: Dodged            |    79 |    42 ||   121
Block: Buckler           |    20 |    23 ||    43
